 Dungeon Crawl Stone Soup version 0.24.1 (webtiles) character file.

Game seed: 12223379777087772691, levelgen mode: deterministic

64717 Peloso the Peltast (level 14, -12/127 HPs)
             Began as a Minotaur Fighter on Apr 1, 2020.
             Was the Champion of Okawaru.
             Shot with a bolt by a yaktaur (15 damage)
             ... on level 14 of the Dungeon.
             The game lasted 00:58:45 (20312 turns).

Peloso the Peltast (Minotaur Fighter)              Turns: 20312, Time: 00:58:45

Health: -12/127    AC:  5    Str: 26    XL:     14   Next: 72%
Magic:  15/15      EV:  5    Int:  5    God:    Okawaru [******]
Gold:   1151       SH: 22    Dex: 12    Spells: 13/13 levels left

rFire    + + .     SeeInvis .   a - +6 double sword (vamp)
rCold    + . .     Gourm    +   c - +0 large shield
rNeg     + + .     Faith    .   q - +2 gold dragon scales
rPois    +         Spirit   .   (helmet restricted)
rElec    .         Reflect  .   w - scarf {repulsion}
rCorr    .         Harm     .   i - +0 pair of gloves
MR       ++...                  (no boots)
Stlth    ..........             e - amulet "Toevehol" {Gourm rN++ Str+2}
HPRegen  0.31/turn              r - ring of protection from fire
MPRegen  0.14/turn              k - ring of protection from magic

@: corroded, hasted, drained, repel missiles, very quick
A: retaliatory headbutt, horns 2
a: Heroism, Finesse, Renounce Religion


You were on level 14 of the Dungeon.
You worshipped Okawaru.
Okawaru was exalted by your worship.
You were full.

You visited 4 branches of the dungeon, and saw 21 of its levels.
You also visited: Ice Cave.

You collected 2023 gold pieces.
You spent 872 gold pieces at shops.

Inventory:

Hand Weapons
 a - a +6 vampiric double sword (weapon)
 b - the +6 scimitar of the Original Sin {freeze, rElec Stlth+}
   (Okawaru gifted it to you in an ice cave)

   It has been specially enchanted to freeze those struck by it, causing extra
   injury to most foes and up to half again as much damage against particularly
   susceptible opponents.
   It can also slow down cold-blooded creatures.
   It insulates you from electricity.
   It makes you more stealthy.
 n - a +2 dagger of flaming
Armour
 c - a +0 large shield (worn)
 d - the +3 plate armour of Infinity {-Tele rC++ Regen+ rCorr}
   (Okawaru gifted it to you on level 9 of the Dungeon)

   It greatly protects you from cold.
   It prevents most forms of teleportation.
   It increases your rate of regeneration.
   It provides partial protection from all sources of acid and corrosion.
 i - a +0 pair of gloves (worn)
 q - +2 gold dragon scales (worn)
 w - a scarf of repulsion (worn)
 V - a +2 plate armour of fire resistance
Jewellery
 e - the amulet "Toevehol" (around neck) {Gourm rN++ Str+2}
   (You bought it in a shop on level 2 of the Orcish Mines)

   [amulet of the gourmand]

   It allows you to eat raw meat even when not hungry.
   It affects your strength (+2).
   It greatly protects you from negative energy.
 k - a ring of protection from magic (right hand)
 r - a ring of protection from fire (left hand)
 t - an uncursed ring of ice {unknown}
 D - an uncursed amulet of the gourmand
 F - a +4 amulet of reflection
 Q - an uncursed amulet of regeneration
Wands
 g - a wand of flame (13)
 h - a wand of paralysis (17)
 u - a wand of enslavement (4)
 y - a wand of polymorph (4)
 A - a wand of digging (1)
Scrolls
 m - 12 scrolls of remove curse
 s - a scroll of fog
 v - a scroll of acquirement {unknown}
 z - a scroll of noise
 B - 8 scrolls of teleportation
 R - a scroll of holy word
 X - 2 scrolls of silence
Potions
 l - a potion of brilliance
 o - 3 potions of haste
 p - 2 potions of curing
 E - a potion of magic
 G - 3 potions of flight
 H - 3 potions of agility
Miscellaneous
 C - a phantom mirror
Comestibles
 f - 32 rations


   Skills:
 + Level 12.4(11.6) Fighting
 + Level 16.4(15.5) Long Blades
 + Level 11.8(11.0) Armour
 + Level 4.7(4.0) Dodging
 + Level 2.6(2.0) Stealth
 + Level 18.2(17.3) Shields
 + Level 2.9(2.3) Invocations
 + Level 1.1(0.5) Evocations


You had 13 spell levels left.
You didn't know any spells.
Your spell library contained the following spells:

 Spells                   Type           Power        Failure   Level  Hunger
 Freeze                   Ice            #...         100%        1    ##.....
 Sting                    Conj/Pois      #...         100%        1    ##.....
 Throw Frost              Conj/Ice       #.....       100%        2    ###....
 Ignite Poison            Fire/Tmut/Pois #.......     100%        3    ####...
 Mephitic Cloud           Conj/Pois/Air  #.......     100%        3    ####...
 Ozocubu's Armour         Chrm/Ice       #.......     100%        3    ####...
 Spider Form              Tmut/Pois      #.........   100%        3    ####...
 Ice Form                 Ice/Tmut       #.......     100%        4    #####..
 Summon Ice Beast         Ice/Summ       #.......     100%        4    #####..
 Throw Icicle             Conj/Ice       #.......     100%        4    #####..
 Bolt of Magma            Conj/Fire/Erth #.........   100%        5    ######.
 Iskenderun's Battlesphe  Conj/Chrm      #.......     100%        5    ######.
 Metabolic Englaciation   Hex/Ice        #.........   100%        5    ######.
 Venom Bolt               Conj/Pois      #.........   100%        5    ######.
 Bolt of Cold             Conj/Ice       #.........   100%        6    #######
 Freezing Cloud           Conj/Ice/Air   #.........   100%        6    #######
 Iron Shot                Conj/Erth      #.........   100%        6    #######
 Ozocubu's Refrigeration  Ice            #.........   100%        6    #######
 Simulacrum               Ice/Necr       #.........   100%        6    #######
 Orb of Destruction       Conj           #.........   100%        7    #######
 Spellforged Servitor     Conj/Summ      #.........   100%        7    #######


Dungeon Overview and Level Annotations

Branches:
Dungeon (14/15)            Temple (1/1) D:5            Lair (4/6) D:9
 Shoals (0/4) Lair:4       Spider (0/4) Lair:2          Orc (2/2) D:10
    Elf (0/3) Orc:2        Vaults (0/5) D:14          IceCv (visited)

Altars:
Ashenzari
Cheibriados
Dithmenos
Elyvilon
Fedhas
Gozag
Hepliaklqana
Kikubaaqudgha
Nemelex Xobeh
Okawaru
Ru
Sif Muna
Trog
Uskayaw
Xom
Zin
Beogh

Shops:
D:9 }   Orc:1 }   Orc:2 *==?(


Innate Abilities, Weirdness & Mutations

You reflexively headbutt those who attack you in melee.
You have a pair of horns on your head.


Message History

You are covered in liquid flames!
* * * LOW HITPOINT WARNING * * *
The rust devil disappears in a puff of smoke!
The smoke demon disappears in a puff of smoke!
You are covered in liquid flames!
You are covered in liquid flames!
You are covered in liquid flames!
The red devil disappears in a puff of smoke!
You are covered in liquid flames!
Really walk into that teleport trap?
You enter a teleport trap!
The teleport trap disappears.
Your surroundings suddenly seem different.
A yaktaur comes into view.
The yaktaur shouts!
The yaktaur wields a +0 arbalest.
The yaktaur shoots a bolt.
The bolt hits you!
* * * LOW HITPOINT WARNING * * *
Found a bolt.
Found a gate to the Vaults.
You see here a bolt.
The yaktaur shoots a bolt.
The bolt hits you!
You die...

#..#.###....#*,***,,,*,
#....#∩.....#*,*,,,,,,,
*#.#.#....c.,,,,,,,,,,,
#....a...#,,,,,.......
#........#,*,,........
#........#,,,.........
#....(...#,,.!........
#.....####,,.[..e..≈≈≈
#####@#*,,,,.........≈
#.......?.........
####.............)
*,.........§...
**,........)c).
*,,,....K..#.(.
*,,,,.....,#.)(
*,,,,,...,,#C.(
*,,,,,,,,,,##..


You could see a yaktaur and a worker ant.

Vanquished Creatures
  A frost giant (IceCv)
  Josephine (D:10)
  Snorg (Orc:2)
  2 hydras
  Harold (D:8)
  5 two-headed ogres
  4 centaur warriors
  A death yak (IceCv)
  Sonja (Orc:2)
  3 orc high priests (Orc:2)
  An unseen horror (D:10)
  6 orc knights
  5 orc sorcerers (Orc:2)
  2 ugly things
  An oklob plant (Lair:4)
  2 cyclopes
  A centaur zombie (D:14)
  Joseph (D:7)
  3 black mambas (Lair:3)
  3 gargoyles
  5 elephants
  An ice statue (IceCv)
  Psyche (D:8)
  A centaur skeleton (D:11)
  7 spiny frogs
  7 kobold demonologists
  2 komodo dragons
  2 rime drakes
  A freezing wraith (D:14)
  A queen bee (D:10)
  18 polar bears (IceCv)
  5 trolls
  Prince Ribbit (D:8)
  A hornet (D:8)
  4 dream sheep (Lair:3)
  13 blink frogs
  13 hippogriffs
  3 wraiths (D:10)
  A tarantella (Lair:2)
  A vampire (D:8)
  3 wyverns
  35 yaks
  2 basilisks
  A steam dragon (Lair:3)
  2 hungry ghosts
  2 vampire mosquitoes (D:13)
  3 wargs
  An acid dragon (D:13)
  5 water moccasins
  4 porcupines
  An ice beast (D:5)
  28 orc warriors
  A hornet zombie (D:13)
  A necrophage (D:13)
  4 phantoms
  4 sky beasts
  4 black bears
  2 eyes of draining
  3 ogres
  26 wolves
  7 crocodiles
  9 centaurs
  16 bullfrogs
  9 big kobolds
  A wyvern skeleton (D:12)
  8 scorpions
  13 wights
  26 killer bees
  An electric eel (Lair:2)
  4 howler monkeys
  4 bullfrog zombies
  6 crimson imps
  6 jellies
  8 hounds
  Crazy Yiuf (D:7)
  32 orc wizards
  A bullfrog skeleton (D:12)
  24 orc priests
  12 iguanas
  12 worker ants
  3 hound skeletons
  A worker ant zombie (D:9)
  3 gnolls (D:8)
  2 howler monkey zombies
  9 adders
  2 howler monkey skeletons (D:9)
  2 shadow imps
  2 adder zombies
  5 worms
  2 dart slugs
  5 leopard geckos
  112 orcs
  3 ball pythons
  4 giant cockroaches
  8 goblins
  8 hobgoblins
  8 jackals
  3 quokkas
  2 bats
  4 frilled lizards
  A jackal skeleton (D:7)
  A jackal zombie (D:6)
  42 kobolds
  A leopard gecko skeleton (D:5)
  3 rats
  A fungus (Lair:4)
  A plant (Lair:1)
703 creatures vanquished.

Vanquished Creatures (others)
  A kobold (D:13)
  2 fungi
  A plant (Lair:4)
4 creatures vanquished.

Grand Total: 707 creatures vanquished

Notes
Turn   | Place    | Note
-------+----------+-------------------------------------------
     0 | D:1      | Peloso the Minotaur Fighter began the quest for the Orb.
     0 | D:1      | Reached XP level 1. HP: 19/19 MP: 0/0
   165 | D:1      | Reached XP level 2. HP: 27/27 MP: 1/1
   668 | D:2      | Reached skill level 4 in Shields
   684 | D:2      | Noticed a crimson imp
   731 | D:2      | Killed a crimson imp
   731 | D:2      | Reached XP level 3. HP: 29/33 MP: 2/2
  1125 | D:2      | Reached XP level 4. HP: 40/40 MP: 3/3
  1569 | D:3      | Found a sacrificial altar of Ru.
  1590 | D:3      | Reached XP level 5. HP: 47/47 MP: 4/4
  1830 | D:4      | Reached skill level 5 in Shields
  2191 | D:4      | Reached XP level 6. HP: 53/53 MP: 5/5
  2407 | D:4      | Reached skill level 5 in Long Blades
  2633 | D:4      | Found a shimmering altar of Xom.
  2737 | D:4      | Found a white marble altar of Elyvilon.
  2893 | D:5      | Entered Level 5 of the Dungeon
  2913 | D:5      | Found a blossoming altar of Fedhas.
  3100 | D:5      | Found a staircase to the Ecumenical Temple.
  3115 | Temple   | Entered the Ecumenical Temple
  3131 | Temple   | Reached skill level 5 in Armour
  3131 | Temple   | Reached skill level 1 in Dodging
  3155 | Temple   | Became a worshipper of Warmaster Okawaru
  3198 | D:5      | Reached XP level 7. HP: 48/60 MP: 6/6
  3206 | D:5      | Reached skill level 5 in Fighting
  3296 | D:5      | Reached skill level 6 in Shields
  3603 | D:5      | Found a bloodstained altar of Trog.
  3676 | D:6      | Reached skill level 1 in Stealth
  3699 | D:6      | Found a shattered altar of Ashenzari.
  3747 | D:6      | Reached * piety under Okawaru
  3747 | D:6      | Reached skill level 7 in Shields
  3754 | D:6      | Reached XP level 8. HP: 65/69 MP: 7/7
  3997 | D:6      | Found a shimmering blue altar of Sif Muna.
  4470 | D:7      | Noticed a hippogriff
  4485 | D:7      | Killed a hippogriff
  4485 | D:7      | Reached skill level 8 in Shields
  4531 | D:7      | Reached ** piety under Okawaru
  4924 | D:7      | Reached XP level 9. HP: 78/78 MP: 5/8
  4995 | D:7      | Found a runed translucent door.
  4996 | D:7      | Noticed Crazy Yiuf
  5086 | D:7      | Noticed Joseph
  5130 | D:7      | Killed Joseph
  5130 | D:7      | Reached skill level 9 in Shields
  5274 | D:7      | Found a snail-covered altar of Cheibriados.
  5319 | D:7      | Found a hazy altar of Hepliaklqana.
  5633 | D:7      | Killed Crazy Yiuf
  5719 | D:8      | Noticed Psyche
  5732 | D:8      | Reached skill level 10 in Shields
  5745 | D:8      | Reached *** piety under Okawaru
  6091 | D:8      | Killed Psyche
  6091 | D:8      | Reached skill level 10 in Long Blades
  6093 | D:8      | Noticed Prince Ribbit
  6110 | D:8      | Killed Prince Ribbit
  6110 | D:8      | Reached XP level 10. HP: 78/86 MP: 9/9
  6166 | D:8      | Reached **** piety under Okawaru
  6359 | D:8      | Found a shattered altar of Ashenzari.
  6360 | D:8      | Found a snail-covered altar of Cheibriados.
  6360 | D:8      | Found a sparkling altar of Nemelex Xobeh.
  6360 | D:8      | Found an iron altar of Okawaru.
  6600 | D:8      | Reached skill level 1 in Invocations
  6697 | D:8      | Noticed Harold
  6708 | D:8      | Killed Harold
  6708 | D:8      | Reached skill level 11 in Shields
  6969 | D:8      | Noticed a centaur warrior
  6993 | D:8      | Killed a centaur warrior
  6993 | D:8      | Reached skill level 1 in Evocations
  7285 | D:9      | Noticed a two-headed ogre
  7358 | D:9      | Killed a two-headed ogre
  7358 | D:9      | Reached ***** piety under Okawaru
  7358 | D:9      | Received a gift from Okawaru
  7358 | D:9      | Reached skill level 12 in Shields
  7757 | D:9      | Reached XP level 11. HP: 94/94 MP: 10/10
  7774 | D:9      | Got a transparent plate armour {god gift}
  7785 | D:9      | Identified the +3 plate armour of Infinity {-Tele rC++
                  | Regen+ rCorr} (Okawaru gifted it to you on level 9 of the
                  | Dungeon)
  7796 | D:9      | Found Datuilah's Gadget Shoppe.
  8212 | D:9      | Found an opulent altar of Gozag.
  8281 | D:9      | Found a staircase to the Lair.
  8400 | D:10     | Entered Level 10 of the Dungeon
  8643 | D:10     | Found a staircase to the Orcish Mines.
  8689 | D:10     | Noticed Josephine
  8701 | D:10     | Killed Josephine
  8864 | D:10     | Identified the Papyrus of Envenoming
  8906 | D:10     | Reached skill level 13 in Shields
  9071 | D:10     | Killed an unseen horror
  9772 | D:11     | Noticed a two-headed ogre
  9782 | D:11     | Killed a two-headed ogre
  9839 | D:11     | Noticed a purple ugly thing
  9850 | D:11     | Killed a purple ugly thing
 10230 | D:11     | Reached skill level 14 in Shields
 10474 | D:12     | Reached XP level 12. HP: 104/104 MP: 12/12
 11379 | Lair:1   | Entered Level 1 of the Lair of Beasts
 11772 | Lair:1   | Reached skill level 15 in Shields
 11832 | Lair:1   | Received a gift from Okawaru
 12906 | Lair:2   | Found a hole to the Spider Nest.
 13183 | Lair:2   | Reached skill level 10 in Fighting
 14032 | Lair:3   | Reached ****** piety under Okawaru
 14062 | Lair:3   | Reached skill level 10 in Armour
 14307 | Lair:3   | Reached XP level 13. HP: 114/114 MP: 13/13
 14444 | Lair:3   | Received a gift from Okawaru
 14457 | Lair:3   | Reached skill level 16 in Shields
 15272 | Lair:4   | Found a staircase to the Shoals.
 15527 | Lair:4   | Received a gift from Okawaru
 16352 | D:13     | Reached skill level 15 in Long Blades
 17006 | Orc:1    | Entered Level 1 of the Orcish Mines
 17071 | Orc:1    | Reached skill level 17 in Shields
 17215 | Orc:1    | Found a roughly hewn altar of Beogh.
 17326 | Orc:1    | Found Byimiuc's Gadget Shop.
 17343 | Orc:1    | Found a bloodstained altar of Trog.
 17378 | Orc:1    | Bought a wand of digging (5) for 252 gold pieces
 17827 | Orc:2    | Entered Level 2 of the Orcish Mines
 17832 | Orc:2    | Noticed Sonja
 17851 | Orc:2    | Killed Sonja
 17892 | Orc:2    | Found a roughly hewn altar of Beogh.
 17912 | Orc:2    | Found Beewideq's Mass Market.
 18223 | Orc:2    | Found a staircase to the Elven Halls.
 18232 | Orc:2    | Reached XP level 14. HP: 97/124 MP: 15/15
 18263 | Orc:2    | Noticed Snorg
 18279 | Orc:2    | Killed Snorg
 18307 | Orc:2    | Found Peme's Jewellery Shop.
 18758 | Orc:2    | Found Icrir's Magic Scroll Emporium.
 18765 | Orc:2    | Found Operuibe's Weapon Emporium.
 18767 | Orc:2    | Found Rathrod's Jewellery Shop.
 18775 | Orc:2    | Bought the amulet "Toevehol" {Gourm rN++ Str+2} for 620
                  | gold pieces
 19126 | D:14     | Found a frozen archway.
 19156 | IceCv    | Entered an ice cave
 19303 | IceCv    | Received a gift from Okawaru
 19585 | IceCv    | Reached skill level 18 in Shields
 19615 | IceCv    | Noticed a frost giant
 19636 | IceCv    | Killed a frost giant
 19655 | IceCv    | Received a gift from Okawaru
 19675 | IceCv    | Got a polished scimitar {god gift}
 19676 | IceCv    | Identified the +6 scimitar of the Original Sin {freeze,
                  | rElec Stlth+} (Okawaru gifted it to you in an ice cave)
 20296 | D:14     | HP: 2/127 [red devil/+0 trident[a deep elf mage] (10)]
 20310 | D:14     | Found a gate to the Vaults.
 20310 | D:14     | HP: 2/127 [yaktaur/bolt (13)]
 20312 | D:14     | Shot with a bolt by a yaktaur

Levels and vault maps discovered:
D:1:      lightli_arrival_flooded_house, layout_rooms
D:2:      layout_loops_ring, grunt_ministairs_12, minmay_misc_feat_nine_boxes
D:3:      layout_rooms, nicolae_ru_great_annihilating_truth
D:4:      wad_woods_pond, layout_loops_ring, lemuel_coloured_pillars_altar,
          first_ration, elyvilon_altar_4
D:5:      layout_loops_ring, lightli_temple_of_fire, temple_pool_b,
          fedhas_altar_3
D:6:      layout_cave_pools, led_sif_book, nicolae_ashenzari_panopticon
D:7:      layout_gridville, cheibrodos_worm_habitat, basic_altar,
          uniq_crazy_yiuf_cottage, uniq_joseph
D:8:      minmay_the_grid_octo_2x2 [minmay_the_grid_octo_checkered,
          minmay_the_grid_octo_horde, minmay_the_grid_octo_shrine,
          minmay_the_grid_octo_prize_single_spiral], layout_basic, uniq_psyche,
          uniq_harold, uniq_prince_ribbit1
D:9:      layout_rooms, nicolae_gozag_seed_capital, lair_entry_dummy,
          serial_shops, shop
D:10:     layout_basic, orc_0_dummy, david_nohive_1, uniq_josephine
D:11:     layout_roguey
D:12:     layout_grid_maze
D:13:     layout_rooms, special_room [special_room_orc], minmay_parallelograms
D:14:     layout_rooms, david_vaults_2, portal_ice_cave_entry_pillars_1,
          chequers_serial_rivers_small_a
Temple:   kb_temple_of_zot
Lair:1:   layout_chaotic_city, serial_bayou_shore_a
Lair:2:   layout_layer_cave, spider_nest_entry_rubble, grunt_megastairs_3,
          infiniplex_staircase_pool
Lair:3:   layout_cave_pods
Lair:4:   layout_roguey, minmay_shoals_entry_centaurs, beast_lair_carwin_10
Orc:1:    layout_caves, serial_shops, shop_fountains, basic_altar,
          trog_hazing_becter
Orc:2:    st_orc_elflike, layout_diamond_mine, minmay_shop_mass,
          minmay_orc_temple_a, uniq_snorg, uniq_sonja

Skill      XL: |  1  2  3  4  5  6  7  8  9 10 11 12 13 14 |
---------------+-------------------------------------------+-----
Fighting       | 4 5 6 7 8 9 10 11 12 | 12.4
Shields        | 4 5 7 8 10 12 14 15 17 18 | 18.2
Armour         | 4 5 6 7 8 9 10 11 | 11.8
Long Blades    | 3 4 5 6 8 10 11 12 13 15 16 | 16.4
Dodging        | 1 2 3 4 |  4.7
Stealth        | 1 2 |  2.6
Invocations    | 1 2 |  2.9
Evocations     | 1 |  1.1

Action                   |  1- 3 |  4- 6 |  7- 9 | 10-12 | 13-15 || total
-------------------------+-------+-------+-------+-------+-------++-------
Melee: Long sword        |    79 |   173 |    78 |       |       ||   330
       Headbutt          |    10 |    33 |   100 |   283 |   233 ||   659
       Falchion          |       |       |   311 |  1232 |    58 ||  1601
       Double sword      |       |       |       |       |   902 ||   902
Invok: Heroism           |       |       |     6 |    14 |     3 ||    23
       Finesse           |       |       |       |       |     2 ||     2
 Abil: Evoke Berserk Rag |       |       |     1 |       |       ||     1
Evoke: Wand              |       |       |     2 |     4 |     4 ||    10
  Use: Potion            |     2 |     1 |     3 |     2 |     7 ||    15
       Scroll            |       |     1 |     2 |     5 |    19 ||    27
 Stab: Paralysed         |       |     2 |       |     6 |       ||     8
       Invisible         |       |     1 |       |       |       ||     1
  Eat: Chunk             |       |     7 |    14 |    39 |    36 ||    96
Armor: Scale mail        |    35 |       |       |       |       ||    35
       Chain mail        |       |    81 |    61 |       |     1 ||   143
       Plate armour      |       |       |    62 |   517 |   258 ||   837
       Gold dragon scale |       |       |       |       |    64 ||    64
Dodge: Dodged            |    26 |    25 |    51 |   184 |   203 ||   489
       Deflected         |       |       |       |     1 |     6 ||     7
Block: Shield            |    39 |    34 |       |       |       ||    73
       Large shield      |       |   110 |   383 |  1101 |  1178 ||  2772
       Reflection        |       |       |       |       |    12 ||    12
       Rpst.: Long sword |    10 |    10 |     4 |       |       ||    24
       Falchion          |       |       |    12 |    41 |     2 ||    55
       Double sword      |       |       |       |       |    38 ||    38
